 Dungeon Crawl Stone Soup version 0.29-a0-495-g17b79114eb (webtiles) character file.

Game seed: 15923103953245239159

737 sammy202020 the Skirmisher (level 7, -15/64 HPs)
             Began as a Minotaur Fighter on May 28, 2022.
             Demolished by Duvessa
             ... wielding a +0 rapier
              (18 damage)
             ... on level 5 of the Dungeon.
             The game lasted 00:06:08 (3306 turns).

sammy202020 the Skirmisher (Minotaur Fighter)       Turns: 3306, Time: 00:06:08

Health: -15/64     AC:  9    Str: 18    XL:     7   Next: 46%
Magic:  6/6        EV:  7    Int: 13    God:
Gold:   105        SH:  6    Dex: 10    Spells: 6/6 levels left

rFire   + . .      SeeInvis .   a - +1 war axe (flame)
rCold   . . .      Faith    .   c - +1 buckler
rNeg    . . .      Spirit   .   p - +0 chain mail
rPois   .          Reflect  .   (helmet restricted)
rElec   .          Harm     .   (no cloak)
rCorr   .          Rampage  .   (no gloves)
Will    +....                   (no boots)
Stlth   ..........              (no amulet)
HPRegen 0.20/turn               f - ring of willpower
MPRegen 0.10/turn               t - +6 ring of intelligence

@: lit by a corona, glowing
A: horns 2, retaliatory headbutt, fire resistance 1, weak 1, MP-powered wands
a: no special abilities


You were on level 5 of the Dungeon.
You visited 1 branch of the dungeon, and saw 5 of its levels.

You collected 105 gold pieces.

Inventory:

Hand Weapons
 a - a +1 war axe of flaming (weapon)
 i - a +0 broad axe
Armour
 c - a +1 buckler (worn)
 p - a +0 chain mail (worn)
Jewellery
 f - a ring of willpower (left hand)
 n - an amulet of magic regeneration
 o - an amulet of faith
 t - a +6 ring of intelligence (right hand)
Wands
 q - a wand of polymorph (9)
Scrolls
 b - a scroll of noise
 e - 2 scrolls of enchant armour
 h - a scroll of blinking
 s - a scroll of fog
Potions
 d - a potion of lignification
 g - 3 potions of cancellation
 j - 3 potions of ambrosia
 k - 2 potions of attraction
 l - 5 potions of curing
 r - a potion of heal wounds


   Skills:
 * Level 6.4 Fighting
 * Level 5.8 Axes
 + Level 5.3 Armour
 + Level 3.0 Dodging
 + Level 5.1 Shields


You had 6 spell levels left.
You didn't know any spells.
Your spell library contained the following spells:

 Spells                   Type           Power      Damage    Failure   Level
 Magic Dart               Conj           0%         1d3       99%         1
 Call Imp                 Summ           0%         N/A       100%        2
 Dazzling Flash           Conj/Hex       0%         N/A       100%        3
 Mephitic Cloud           Conj/Pois/Air  0%         N/A       100%        3
 Ozocubu's Armour         Ice            0%         N/A       100%        3
 Agony                    Necr           0%         N/A       100%        5
 Silence                  Hex/Air        0%         N/A       100%        5
 Dispersal                Tloc           0%         N/A       100%        6
 Ozocubu's Refrigeration  Ice            0%         4d5       100%        7
 Disjunction              Tloc           0%         N/A       100%        8


Dungeon Overview and Level Annotations

Branches:
Dungeon (5/15)
 Temple: D:4-7

Altars:
The Shining One

Annotations:
D:5 Duvessa


Innate Abilities, Weirdness & Mutations

You have a pair of horns on your head.
You reflexively headbutt those who attack you in melee.
Your flesh is heat resistant. (rF+)
You are weak. (Str -2)
You expend magic power (3 MP) to strengthen your wands.


Message History

Dowan hits you but does no damage.
You closely miss Dowan.
Dowan is severely wounded.
Duvessa shouts!
Dowan barely misses you. You furiously retaliate!
You headbutt Dowan. Dowan gestures at you while chanting.
You are outlined in light.
You hit Dowan. You burn Dowan.
You kill Dowan!
Duvessa weeps, and shakes her weapon.
Duvessa goes berserk!
Duvessa rages.
Things that are here:
a +0 dagger; a +1 robe of cold resistance Duvessa hits you but does no damage.
You see here a jackal corpse.
Sorry, you're not good enough to have a special ability.
You hit Duvessa. You burn Duvessa. Your headbutt misses Duvessa.
Duvessa is lightly wounded.
Duvessa hits you with a +0 rapier! Duvessa hits you but does no damage.
You hit Duvessa but do no damage.
Duvessa is lightly wounded.
Duvessa hits you with a +0 rapier. You block Duvessa's attack.
You slash Duvessa! You burn Duvessa.
Duvessa is moderately wounded.
Duvessa hits you with a +0 rapier. Duvessa barely misses you.
You hit Duvessa but do no damage.
Duvessa is moderately wounded.
Duvessa hits you with a +0 rapier. You block Duvessa's attack.
You slash Duvessa! You burn Duvessa.
Duvessa is heavily wounded.
Duvessa hits you with a +0 rapier!
* * * LOW HITPOINT WARNING * * *
You block Duvessa's attack.
You hit Duvessa. You burn Duvessa.
Duvessa is severely wounded.
Duvessa hits you with a +0 rapier!
* * * LOW HITPOINT WARNING * * *
Duvessa hits you with a +0 rapier!!
You die...

...........#......$
...........#...... ....
#..........#..... ....
#.....)....#....# ...#
..>........#....# ...##
#.....####'##...# ......
#.....##...##..)##......
........<.....†))e......
................@.......
........................
#+##..####.####+####..##
#.. #.# .# #. ... .# #
#.... # #.....


You could see Duvessa (berserk).

Vanquished Creatures
  A black bear (D:4)
  2 ogres
  A necrophage (D:4)
  A gnoll sergeant (D:2)
  2 scorpions (D:4)
  Dowan (D:5)
  A hound (D:5)
  8 gnolls
  A worm (D:2)
  5 orcs
  4 ball pythons
  8 bats
  5 endoplasms
  2 giant cockroaches (D:1)
  8 goblins
  9 hobgoblins
  3 jackals (D:5)
  6 frilled lizards
  5 kobolds
  6 rats
79 creatures vanquished.

Notes
Turn   | Place    | Note
-------+----------+-------------------------------------------
     0 | D:1      | sammy202020 the Minotaur Fighter began the quest for the
                  | Orb.
     0 | D:1      | Reached XP level 1. HP: 19/19 MP: 0/0
   158 | D:1      | Reached XP level 2. HP: 27/27 MP: 1/1
   338 | D:1      | Reached skill level 4 in Fighting
   554 | D:2      | Reached XP level 3. HP: 26/33 MP: 2/2
   923 | D:2      | Reached skill level 1 in Dodging
  1138 | D:2      | Noticed a gnoll sergeant
  1140 | D:2      | Found the +3 woodcutter's axe {vorpal}
  1147 | D:2      | Reached XP level 4. HP: 7/41 MP: 3/3
  1147 | D:2      | Killed a gnoll sergeant
  1613 | D:2      | Found a glowing golden altar of the Shining One.
  1674 | D:3      | Reached XP level 5. HP: 47/47 MP: 4/4
  2173 | D:3      | Reached skill level 5 in Fighting
  2445 | D:3      | Found a faded altar of an unknown god.
  2560 | D:4      | Noticed a black bear
  2564 | D:4      | Killed a black bear
  2565 | D:4      | Reached XP level 6. HP: 47/56 MP: 5/5
  2654 | D:4      | Reached skill level 5 in Axes
  2819 | D:4      | Reached skill level 5 in Armour
  2870 | D:4      | Reached skill level 6 in Fighting
  2870 | D:4      | Reached XP level 7. HP: 38/63 MP: 6/6
  3172 | D:4      | Gained mutation: Potions are less effective at restoring
                  | your health. [potion of mutation]
  3172 | D:4      | Gained mutation: You are frail. (-10% HP) [potion of
                  | mutation]
  3173 | D:4      | Lost mutation: Potions are less effective at restoring your
                  | health. [potion of mutation]
  3173 | D:4      | Lost mutation: You are frail. (-10% HP) [potion of
                  | mutation]
  3173 | D:4      | Gained mutation: You expend magic power (3 MP) to
                  | strengthen your wands. [potion of mutation]
  3173 | D:4      | Gained mutation: Your flesh is heat resistant. (rF+)
                  | [potion of mutation]
  3173 | D:4      | Gained mutation: You are weak. (Str -2) [potion of
                  | mutation]
  3260 | D:5      | Entered Level 5 of the Dungeon
  3288 | D:5      | Noticed Dowan
  3296 | D:5      | Reached skill level 5 in Shields
  3296 | D:5      | Noticed Duvessa
  3298 | D:5      | Killed Dowan
  3306 | D:5      | HP: 3/64 [Duvessa/+0 rapier (12)]
  3306 | D:5      | Demolished by Duvessa

Illustrated notes

Levels and vault maps discovered:
D:1:      minmay_arrival_three_doors, layout_basic
D:2:      layout_loops_ring, basic_altar, pf_guarded_unrand_woodcutter
D:3:      layout_basic, nicolae_ecumenical_lake_church
D:4:      layout_rooms
D:5:      layout_gridville, serial_shops, nicolae_stop_n_shop_2, uniq_duvessa

Skill      XL: |  1  2  3  4  5  6  7 |
---------------+----------------------+-----
Axes           | 3 4 5 |  5.8
Fighting       | 4 5 6 |  6.4
Armour         | 4 5 |  5.3
Dodging        | 1 2 3 |  3.0
Shields        | 4 5 |  5.1

Action                   |  1- 3 |  4- 6 |  7- 9 || total
-------------------------+-------+-------+-------++-------
Melee: War axe           |    52 |    66 |    26 ||   144
       Headbutt          |     5 |     5 |     6 ||    16
  Use: Scroll            |     8 |     6 |     3 ||    17
       Potion            |     1 |       |     2 ||     3
Armor: Scale mail        |    21 |    20 |       ||    41
       Chain mail        |       |     8 |    12 ||    20
Dodge: Dodged            |    27 |    31 |     7 ||    65
Block: Buckler           |    12 |    16 |    12 ||    40

Table legend: (Time is in decaauts)
 A = Elapsed time spent in this place.
 B = Non-inter-level travel time spent in this place.
 C = Inter-level travel time spent in this place.
 D = Time resting spent in this place.
 E = Time spent auto-exploring this place.
 F = Levels seen in this place.
 G = Mean time per level.
                   A        B        C        D        E       F      G
               +--------+--------+--------+--------+--------+-----+--------+
         Total |   3354 |   3354 |      0 |    250 |   2456 |   5 |  670.8 |
       Dungeon |   3354 |   3354 |      0 |    250 |   2456 |   5 |  670.8 |
               +--------+--------+--------+--------+--------+-----+--------+

Top non-repeatable levels by time:
     D:2: 1120 daAuts
     D:3: 873 daAuts
     D:4: 754 daAuts
     D:1: 554 daAuts
     D:5: 51 daAuts
